General information
- name: BNet
- type: Ladder team game (AT/RT)
- host: Battle.net
- saver: DoWop
map: MarketSquare
- players: 8
- length: 35:05
- speed: Fast
- version: 1.26 W3XP
- replay type: Public
» download(223 KB)
Players
team 1 (winner)

»
ishy (
blue | 82 APM | 2550 actions | 31:11)
4 Blademaster
2 Critical Strike
2 Wind Walk
2 Shadow Hunter
1 Healing Wave
1 Hex
» actions
| Assign group hotkey | 26 | |
| Basic commands | 30 | |
| Build / train | 66 | |
| ESC pressed | 4 | |
| Enter build submenu | 16 | |
| Enter hero's abilities submenu | 6 | |
| Give item / drop item | 4 | |
| Right click | 902 | |
| Select / deselect | 220 | |
| Select group hotkey | 1164 | |
| Use ability | 112 | |
2550 total
» units
| Peon | 9 | |
| Grunt | 8 | |
| Spirit Walker | 2 | |
| Kodo Beast | 1 | |
| Raider | 2 | |
22 total
» upgrades
| Berserker Strength | 1 | |
| Melee Weapons | 2 | |
| Pillage | 1 | |
| Ensnare | 1 | |
| Spirit Walker Training | 1 | |
6 total
» buildings
| Altar of Storms | 1 | |
| Orc Burrow | 6 | |
| Barracks | 1 | |
| Voodoo Lounge | 1 | |
| Stronghold | 5 | |
| War Mill | 1 | |
| Spirit Lodge | 1 | |
| Beastiary | 1 | |
| Watch Tower | 2 | |
19 total
» build order
00:06 Altar of Storms
00:19 Orc Burrow
00:37 Barracks
01:28 Orc Burrow
01:55 Voodoo Lounge
03:42 Stronghold
03:42 Stronghold
03:42 Stronghold
04:00 Orc Burrow
05:27 War Mill
06:52 Spirit Lodge
06:54 Beastiary
08:37 Orc Burrow
11:28 Orc Burrow
11:29 Orc Burrow
13:28 Watch Tower
13:28 Watch Tower
» items
| Healing Salve | 11 | |
| Boots of Speed | 2 | |
| Lesser Clarity Potion | 4 | |
| Scroll of Town Portal | 3 | |
| Potion of Lesser Invulnerability | 2 | |
| Scroll of Healing | 1 | |
| Staff of Teleportation | 1 | |
| Orb of Lightning | 1 | |
25 total
APPALACHlANW4r3 (
teal | 71 APM | 2502 actions | 35:04)
7 Blood Mage
3 Flame Strike
3 Banish
1 Summon Phoenix
» actions
| Assign group hotkey | 36 | |
| Basic commands | 115 | |
| Build / train | 197 | |
| ESC pressed | 6 | |
| Enter build submenu | 53 | |
| Enter hero's abilities submenu | 7 | |
| Give item / drop item | 2 | |
| Right click | 799 | |
| Select / deselect | 364 | |
| Select group hotkey | 737 | |
| Use ability | 186 | |
2502 total
» units
| Peasant | 30 | |
| Footman | 7 | |
| Sorceress | 2 | |
| Gryphon Rider | 11 | |
| Dragonhawk Rider | 3 | |
53 total
» upgrades
| Masonry | 4 | |
| Lumber Harvesting | 2 | |
| Sorceress Training | 2 | |
| Swords | 3 | |
| Armor | 3 | |
| Animal War Training | 1 | |
| Storm Hammers | 1 | |
| Cloud | 1 | |
17 total
» buildings
| Altar of Kings | 1 | |
| Barracks | 1 | |
| Farm | 13 | |
| Arcane Vault | 1 | |
| Town Hall | 2 | |
| Scout Tower | 25 | |
| Lumber Mill | 1 | |
| Arcane Tower | 13 | |
| Guard Tower | 40 | |
| Keep | 3 | |
| Arcane Sanctum | 1 | |
| Castle | 3 | |
| Gryphon Aviary | 3 | |
| Blacksmith | 1 | |
108 total
» build order
01:20 Altar of Kings
01:22 Barracks
01:24 Farm
01:28 Farm
02:58 Farm
03:02 Arcane Vault
03:24 Farm
03:34 Farm
04:55 Town Hall
04:58 Scout Tower
04:59 Scout Tower
05:00 Scout Tower
05:02 Scout Tower
05:17 Lumber Mill
05:31 Arcane Tower
05:31 Arcane Tower
06:07 Guard Tower
06:07 Guard Tower
06:07 Guard Tower
06:07 Guard Tower
06:08 Guard Tower
06:08 Guard Tower
06:10 Guard Tower
07:03 Town Hall
07:06 Scout Tower
07:08 Scout Tower
07:09 Scout Tower
07:11 Scout Tower
07:22 Keep
07:22 Keep
07:22 Keep
07:56 Guard Tower
07:56 Guard Tower
07:57 Guard Tower
08:01 Arcane Tower
08:01 Arcane Tower
08:01 Arcane Tower
08:46 Guard Tower
08:47 Guard Tower
08:47 Guard Tower
08:48 Scout Tower
08:49 Scout Tower
09:05 Scout Tower
09:27 Scout Tower
09:28 Scout Tower
09:29 Scout Tower
09:39 Guard Tower
09:42 Arcane Tower
09:43 Arcane Tower
10:10 Arcane Tower
10:10 Arcane Tower
10:12 Guard Tower
10:12 Guard Tower
10:50 Arcane Sanctum
10:53 Scout Tower
12:18 Guard Tower
12:31 Guard Tower
12:31 Guard Tower
12:32 Guard Tower
13:13 Castle
13:13 Castle
13:13 Castle
14:10 Gryphon Aviary
14:11 Gryphon Aviary
14:15 Gryphon Aviary
14:27 Blacksmith
14:47 Scout Tower
14:50 Scout Tower
14:53 Scout Tower
15:40 Guard Tower
16:39 Guard Tower
16:39 Guard Tower
16:39 Guard Tower
16:49 Scout Tower
16:50 Scout Tower
16:51 Scout Tower
16:52 Scout Tower
16:57 Scout Tower
17:01 Scout Tower
17:02 Scout Tower
17:27 Guard Tower
17:28 Guard Tower
17:59 Guard Tower
17:59 Guard Tower
19:12 Farm
19:13 Farm
19:14 Farm
19:19 Farm
19:44 Farm
24:33 Farm
24:39 Farm
28:11 Farm
» items
| Scroll of Regeneration | 8 | |
| Mechanical Critter | 3 | |
| Boots of Speed | 1 | |
| Periapt of Vitality | 1 | |
| Staff of Teleportation | 1 | |
| Lesser Clarity Potion | 7 | |
| Scroll of Town Portal | 6 | |
| Ivory Tower | 4 | |
| Potion of Invisibility | 3 | |
| Potion of Lesser Invulnerability | 1 | |
| Potion of Mana | 4 | |
| Potion of Healing | 3 | |
42 total
DoWop (
pink | 54 APM | 1899 actions | 35:05)
9 Blademaster
3 Wind Walk
3 Critical Strike
1 Bladestorm
2 Mirror Image
» actions
| Assign group hotkey | 35 | |
| Basic commands | 80 | |
| Build / train | 68 | |
| Enter build submenu | 55 | |
| Enter hero's abilities submenu | 9 | |
| Give item / drop item | 4 | |
| Right click | 944 | |
| Select / deselect | 318 | |
| Select group hotkey | 196 | |
| Use ability | 190 | |
1899 total
» units
| Peon | 21 | |
| Grunt | 4 | |
| Troll Batrider | 10 | |
| Troll Witch Doctor | 4 | |
39 total
» upgrades
| Reinforced Defenses | 1 | |
| Troll Regeneration | 1 | |
| Ranged Weapons | 2 | |
| Liquid Fire | 1 | |
| Armor | 1 | |
6 total
» buildings
| Orc Burrow | 4 | |
| Altar of Storms | 1 | |
| Barracks | 1 | |
| War Mill | 1 | |
| Stronghold | 1 | |
| Voodoo Lounge | 1 | |
| Watch Tower | 41 | |
| Great Hall | 1 | |
| Fortress | 1 | |
| Beastiary | 4 | |
| Spirit Lodge | 1 | |
57 total
» build order
00:11 Orc Burrow
00:55 Orc Burrow
01:10 Altar of Storms
01:13 Barracks
02:29 War Mill
03:05 Stronghold
04:09 Voodoo Lounge
05:24 Watch Tower
05:24 Watch Tower
05:25 Watch Tower
05:25 Watch Tower
05:31 Great Hall
06:21 Watch Tower
06:21 Watch Tower
06:21 Watch Tower
06:22 Watch Tower
06:45 Watch Tower
06:46 Watch Tower
09:00 Fortress
09:45 Watch Tower
09:46 Watch Tower
09:48 Watch Tower
10:54 Watch Tower
10:54 Watch Tower
11:25 Watch Tower
13:08 Watch Tower
13:08 Watch Tower
13:18 Watch Tower
13:19 Watch Tower
14:02 Watch Tower
14:53 Watch Tower
14:54 Watch Tower
14:55 Watch Tower
15:02 Watch Tower
15:02 Watch Tower
16:32 Beastiary
16:32 Beastiary
16:33 Beastiary
17:10 Watch Tower
17:10 Watch Tower
17:13 Watch Tower
17:14 Watch Tower
17:19 Spirit Lodge
17:21 Beastiary
17:24 Orc Burrow
17:26 Orc Burrow
18:23 Watch Tower
18:24 Watch Tower
20:08 Watch Tower
20:08 Watch Tower
20:09 Watch Tower
20:14 Watch Tower
20:14 Watch Tower
20:15 Watch Tower
20:17 Watch Tower
» items
| Healing Salve | 2 | |
| Lesser Clarity Potion | 2 | |
| Boots of Speed | 1 | |
| Periapt of Vitality | 1 | |
| Potion of Healing | 3 | |
| Potion of Mana | 1 | |
| Scroll of Town Portal | 1 | |
11 total

»
wiklow (
green | 39 APM | 661 actions | 17:00)
4 Blademaster
2 Critical Strike
2 Wind Walk
1 Shadow Hunter
1 Healing Wave
» actions
| Assign group hotkey | 9 | |
| Build / train | 68 | |
| Enter build submenu | 18 | |
| Enter hero's abilities submenu | 5 | |
| Remove unit from queue | 5 | |
| Right click | 294 | |
| Select / deselect | 145 | |
| Select group hotkey | 76 | |
| Use ability | 41 | |
661 total
» units
| Peon | 17 | |
| Grunt | 12 | |
| Shaman | 2 | |
| Troll Witch Doctor | -2 | |
| Tauren | 1 | |
30 total
» upgrades
| Pillage | 1 | |
| Melee Weapons | 2 | |
| Armor | 1 | |
| Spiked Barricades | 1 | |
| Shaman Training | 2 | |
| Witch Doctor Training | 2 | |
| Pulverize | 1 | |
10 total
» buildings
| Altar of Storms | 1 | |
| Barracks | 1 | |
| Orc Burrow | 6 | |
| Voodoo Lounge | 1 | |
| War Mill | 1 | |
| Stronghold | 4 | |
| Great Hall | 1 | |
| Watch Tower | 2 | |
| Spirit Lodge | 2 | |
| Fortress | 1 | |
| Tauren Totem | 2 | |
22 total
» build order
00:07 Altar of Storms
00:11 Barracks
00:14 Orc Burrow
01:48 Orc Burrow
02:50 Voodoo Lounge
03:35 War Mill
04:33 Orc Burrow
05:37 Orc Burrow
07:33 Stronghold
07:33 Stronghold
07:33 Stronghold
09:11 Great Hall
09:14 Watch Tower
10:09 Spirit Lodge
10:30 Watch Tower
11:20 Spirit Lodge
12:00 Fortress
14:36 Tauren Totem
14:41 Tauren Totem
16:01 Orc Burrow
16:05 Orc Burrow
» items
| Healing Salve | 4 | |
| Lesser Clarity Potion | 3 | |
| Scroll of Town Portal | 1 | |
| Orb of Lightning | 1 | |
9 total
team 2 (loser)

»
SerenityNow (
yellow | 63 APM | 1653 actions | 26:08)
5 Dark Ranger
3 Black Arrow
2 Silence
3 Priestess of the Moon
1 Scout
2 Searing Arrows
» actions
| Assign group hotkey | 1 | |
| Basic commands | 227 | |
| Build / train | 62 | |
| Enter build submenu | 17 | |
| Enter hero's abilities submenu | 8 | |
| Give item / drop item | 1 | |
| Remove unit from queue | 2 | |
| Right click | 763 | |
| Select / deselect | 525 | |
| Select group hotkey | 1 | |
| Use ability | 46 | |
1653 total
» units
| Wisp | 14 | |
| Archer | 19 | |
| Druid of the Talon | 5 | |
38 total
» upgrades
| Strength of the Moon | 2 | |
| Improved Bows | 1 | |
| Druid of the Talon Training | 2 | |
| Marksmanship | 1 | |
| Moon Armor | 1 | |
7 total
» buildings
| Moon Well | 5 | |
| Ancient of War | 2 | |
| Altar of Elders | 1 | |
| Tree of Ages | 1 | |
| Hunter's Hall | 1 | |
| Ancient of Wonders | 1 | |
| Ancient of Wind | 2 | |
| Tree of Eternity | 1 | |
| Tree of Life | 3 | |
17 total
» build order
00:13 Moon Well
00:48 Ancient of War
01:03 Ancient of War
01:27 Moon Well
01:57 Altar of Elders
03:32 Tree of Ages
04:27 Moon Well
04:31 Hunter's Hall
04:34 Moon Well
05:09 Ancient of Wonders
07:36 Ancient of Wind
09:20 Tree of Eternity
11:45 Ancient of Wind
14:06 Moon Well
17:24 Tree of Life
23:20 Tree of Life
23:49 Tree of Life
» items
| Scroll of Town Portal | 2 | |
| Potion of Healing | 1 | |
3 total
AFKER_TKER_BSER (
red | 31 APM | 1091 actions | 35:04)
5 Death Knight
3 Death Coil
2 Unholy Aura
5 Lich
3 Frost Nova
2 Frost Armor
» actions
| Assign group hotkey | 21 | |
| Basic commands | 27 | |
| Build / train | 88 | |
| ESC pressed | 1 | |
| Enter build submenu | 27 | |
| Enter hero's abilities submenu | 10 | |
| Give item / drop item | 1 | |
| Remove unit from queue | 2 | |
| Right click | 392 | |
| Select / deselect | 336 | |
| Select group hotkey | 114 | |
| Use ability | 72 | |
1091 total
» units
| Acolyte | 10 | |
| Ghoul | 33 | |
| Frost Wyrm | 8 | |
51 total
» upgrades
| Creature Carapace | 2 | |
| Creature Attack | 3 | |
| Freezing Breath | 1 | |
| Ghoul Frenzy | 1 | |
| Unholy Strength | 1 | |
| Backpack | 1 | |
9 total
» buildings
| Graveyard | 1 | |
| Crypt | 1 | |
| Ziggurat | 10 | |
| Altar of Darkness | 1 | |
| Tomb of Relics | 2 | |
| Halls of the Dead | 1 | |
| Black Citadel | 3 | |
| Spirit Tower | 5 | |
| Sacrificial Pit | 1 | |
| Boneyard | 3 | |
| Nerubian Tower | 1 | |
| Necropolis | 1 | |
30 total
» build order
00:09 Graveyard
00:18 Crypt
00:43 Ziggurat
00:56 Ziggurat
02:10 Altar of Darkness
02:47 Ziggurat
03:40 Tomb of Relics
04:53 Halls of the Dead
07:14 Black Citadel
07:14 Black Citadel
07:14 Black Citadel
07:19 Ziggurat
07:21 Ziggurat
07:22 Ziggurat
07:53 Ziggurat
08:16 Spirit Tower
08:17 Spirit Tower
08:42 Sacrificial Pit
09:04 Spirit Tower
10:08 Boneyard
10:20 Nerubian Tower
10:24 Necropolis
10:28 Ziggurat
10:30 Ziggurat
11:10 Boneyard
11:21 Tomb of Relics
11:24 Ziggurat
11:26 Spirit Tower
14:08 Boneyard
» items
| Rod of Necromancy | 1 | |
| Scroll of Town Portal | 2 | |
| Orb of Corruption | 1 | |
4 total
PEYTON.VS.CAM (
orange | 50 APM | 1768 actions | 35:04)
4 Blademaster
2 Wind Walk
2 Critical Strike
» actions
| Assign group hotkey | 22 | |
| Basic commands | 129 | |
| Build / train | 60 | |
| Enter build submenu | 20 | |
| Enter hero's abilities submenu | 4 | |
| Give item / drop item | 2 | |
| Remove unit from queue | 1 | |
| Right click | 562 | |
| Select / deselect | 273 | |
| Select group hotkey | 604 | |
| Use ability | 91 | |
1768 total
» units
» upgrades
| Reinforced Defenses | 1 | |
| Envenomed Spears | 1 | |
| Ranged Weapons | 1 | |
| Armor | 1 | |
4 total
» buildings
| Altar of Storms | 1 | |
| Barracks | 1 | |
| Orc Burrow | 7 | |
| Voodoo Lounge | 1 | |
| Stronghold | 3 | |
| War Mill | 1 | |
| Great Hall | 2 | |
| Beastiary | 3 | |
| Fortress | 1 | |
| Watch Tower | 20 | |
40 total
» build order
00:10 Altar of Storms
00:24 Barracks
00:39 Orc Burrow
01:50 Orc Burrow
02:05 Voodoo Lounge
03:04 Stronghold
03:04 Stronghold
03:50 War Mill
04:59 Great Hall
05:10 Orc Burrow
05:43 Beastiary
06:13 Great Hall
07:06 Beastiary
07:45 Fortress
08:06 Beastiary
08:10 Orc Burrow
08:39 Watch Tower
08:39 Watch Tower
08:40 Watch Tower
08:41 Watch Tower
09:47 Watch Tower
09:48 Watch Tower
09:48 Watch Tower
09:58 Watch Tower
13:15 Orc Burrow
14:28 Watch Tower
14:29 Watch Tower
14:29 Watch Tower
14:31 Watch Tower
14:31 Watch Tower
14:31 Watch Tower
18:13 Orc Burrow
18:13 Orc Burrow
18:17 Watch Tower
18:17 Watch Tower
18:18 Watch Tower
18:19 Watch Tower
18:19 Watch Tower
18:19 Watch Tower
» items
| Healing Salve | 3 | |
| Staff of Teleportation | 3 | |
| Orb of Lightning | 1 | |
| Scroll of Town Portal | 1 | |
| Potion of Lesser Invulnerability | 2 | |
| Periapt of Vitality | 1 | |
| Dust of Appearance | 1 | |
12 total

»
donkey_dong (
purple | 67 APM | 1854 actions | 27:37)
7 Blademaster
3 Wind Walk
3 Critical Strike
1 Bladestorm
» actions
| Basic commands | 10 | |
| Build / train | 41 | |
| Enter build submenu | 17 | |
| Enter hero's abilities submenu | 7 | |
| Give item / drop item | 1 | |
| Right click | 1443 | |
| Select / deselect | 272 | |
| Use ability | 63 | |
1854 total
» units
» upgrades
| Melee Weapons | 2 | |
| Armor | 1 | |
| Pulverize | 1 | |
| Reinforced Defenses | 1 | |
5 total
» buildings
| Altar of Storms | 1 | |
| Orc Burrow | 5 | |
| Barracks | 1 | |
| Voodoo Lounge | 1 | |
| War Mill | 1 | |
| Stronghold | 1 | |
| Fortress | 1 | |
| Tauren Totem | 2 | |
| Watch Tower | 3 | |
16 total
» build order
00:24 Altar of Storms
00:31 Orc Burrow
00:48 Barracks
01:26 Voodoo Lounge
02:11 Orc Burrow
03:13 War Mill
04:26 Stronghold
06:51 Fortress
06:54 Orc Burrow
07:55 Orc Burrow
09:32 Tauren Totem
09:37 Tauren Totem
12:31 Orc Burrow
13:17 Watch Tower
13:21 Watch Tower
15:07 Watch Tower
» items
| Healing Salve | 1 | |
| Lesser Clarity Potion | 1 | |
| Boots of Speed | 1 | |
| Orb of Lightning | 1 | |
| Potion of Lesser Invulnerability | 2 | |
6 total
Chat log
(00:07 / All) SerenityNow: peytons got this
(00:21 / All) PEYTON.VS.CAM: fo sho cam is a nig
(00:24 / All) DoWop: nah, horrible matchup
(00:36 / All) AFKER_TKER_BSER: carson choked on the grand stage
(00:39 / All) SerenityNow: a nig?
(00:44 / All) donkey_dong: i bet Kuechly pick 6's PEyton twice
(00:48 / All) PEYTON.VS.CAM: type of fruit
(00:55 / All) PEYTON.VS.CAM: fig i meant lol
(01:07 / All) ishy: ...
(01:11 / All) PEYTON.VS.CAM: its a term souther people use
(04:05 / Allies) DoWop: rodddddd
(08:43 / All) APPALACHlANW4r3: THIS KEYBOAD IS FUCKING WITH ME HARD
(08:44 / All) APPALACHlANW4r3: CAPS
(08:56 / All) APPALACHlANW4r3: wouldn't nomally lose one fucking unit
(09:00 / All) APPALACHlANW4r3: I'm going to rape you ass
(09:02 / All) APPALACHlANW4r3: for doing that
(09:32 / Allies) DoWop: lumber
(10:24 / All) APPALACHlANW4r3: awfjfjasj
(10:31 / Allies) ishy: hrlp
(10:34 / All) APPALACHlANW4r3: For eveything\
(10:36 / Allies) APPALACHlANW4r3: stfu
(11:28 / All) APPALACHlANW4r3: gonna come and show you some real bm haass
(11:59 / Allies) DoWop: yellow might mh
(12:09 / All) APPALACHlANW4r3: Purple is a dumb bitch lucky to get me when I'm on a new PC
(12:14 / All) APPALACHlANW4r3: and have the wrong keys
(12:29 / Allies) wiklow: toss ur money teal u got 4k
(12:34 / Allies) APPALACHlANW4r3: stfu
(12:36 / Allies) APPALACHlANW4r3: go kill yourself
(12:37 / Allies) wiklow: lmfao
(12:39 / Allies) ishy: can i have some?
(12:43 / Allies) APPALACHlANW4r3: hell no
(12:45 / Allies) APPALACHlANW4r3: kill yourself blue
(12:51 / Allies) ishy: sry
(12:53 / All) wiklow: he has like 5k tho but he rock
(14:10 / All) wiklow: 6k now
(15:16 / All) wiklow: WHAT THE FUCK
(15:27 / All) wiklow: pink has like 5k ttoo lmfao
(15:30 / Allies) ishy: hrelp
(15:57 / Allies) ishy: erm
(16:09 / All) AFKER_TKER_BSER: you have been a nuisance blue
(16:17 / All) AFKER_TKER_BSER: now i deal with u
(16:39 / Allies) DoWop: lumber for bats
(16:51 / Allies) ishy: jsut gave all mine to teal
(16:58 / All) AFKER_TKER_BSER: grunt v frost
(16:59 / All) AFKER_TKER_BSER: good job
(17:07 / Allies) ishy: lol
(17:09 / All) ishy: lol
(17:56 / All) APPALACHlANW4r3: enjoying the harass bitch?
(18:05 / All) SerenityNow: Games over lol
(18:09 / All) APPALACHlANW4r3: lol
(18:12 / All) APPALACHlANW4r3: if you say so loser
(18:18 / All) SerenityNow: bye
(18:23 / All) APPALACHlANW4r3: out you lose
(18:34 / Allies) DoWop: lumbers me blue
(18:40 / Allies) ishy: i gave all to teal
(18:42 / Allies) ishy: right away
(19:22 / All) SerenityNow: Was my wood to much for you orange?
(19:25 / All) APPALACHlANW4r3: out
(19:29 / All) APPALACHlANW4r3: you lose
(20:35 / Allies) DoWop: got dispel?>
(20:46 / Allies) APPALACHlANW4r3: nope
(21:04 / All) APPALACHlANW4r3: out
(21:24 / All) APPALACHlANW4r3: out
(21:47 / All) APPALACHlANW4r3: out
(21:58 / All) DoWop: was big mistake to get that second pot and not tp
(22:00 / All) PEYTON.VS.CAM: out red
(22:02 / All) PEYTON.VS.CAM: u nigger lol
(22:31 / All) PEYTON.VS.CAM: should have gave me gold red
(22:37 / All) APPALACHlANW4r3: raped
(22:39 / Allies) DoWop: got your hero kill lol
(22:41 / All) PEYTON.VS.CAM: out red
(22:42 / All) PEYTON.VS.CAM: out
(22:49 / Allies) APPALACHlANW4r3: yeah lawl just missed it
(22:50 / All) DoWop: you've been a big nuisance red1
(22:51 / Allies) APPALACHlANW4r3: was pretty sick
(22:54 / All) PEYTON.VS.CAM: you misunderstand me red
(22:57 / All) AFKER_TKER_BSER: im ok losing
(22:57 / All) PEYTON.VS.CAM: this isnt about stats
(23:00 / Allies) APPALACHlANW4r3: he thought he'd kill it
(23:00 / All) AFKER_TKER_BSER: check my name
(23:02 / All) PEYTON.VS.CAM: u would have killed me if u could
(23:06 / All) AFKER_TKER_BSER: i dont care about losing
(23:08 / All) AFKER_TKER_BSER: not i watch tv
(23:08 / All) APPALACHlANW4r3: I tked you before red
(23:10 / All) AFKER_TKER_BSER: see ya
(23:11 / All) APPALACHlANW4r3: and you were mad as fuck
(23:11 / All) PEYTON.VS.CAM: u would be talking trash if u could kill me
(23:19 / All) PEYTON.VS.CAM: out red
(23:21 / Allies) ishy: yeal you gotta expo man
(24:35 / Allies) ishy: pink research your bats
(24:38 / Allies) DoWop: yeah
(24:38 / Allies) ishy: flame ability
(24:40 / Allies) DoWop: it's reasearching
(24:45 / Allies) DoWop: thought I already did
(25:13 / All) DoWop: COME OUT TO PLAY WYRMIES
(25:23 / All) SerenityNow: hey come back
(25:23 / All) APPALACHlANW4r3: 2 food red
(25:31 / All) APPALACHlANW4r3: so just archer scrub left to lose
(25:42 / Allies) ishy: bavk
(25:44 / Allies) ishy: back
(25:45 / Allies) ishy: pinik
(25:47 / Allies) ishy: not worth
(25:53 / All) SerenityNow: hey i owned this game
(25:56 / Allies) APPALACHlANW4r3: great to have you back to give us advice, dumbass noob
(26:00 / All) SerenityNow: u guys can watch my replay and jack off
(26:03 / Allies) APPALACHlANW4r3: no base player giving us advice LOL
(26:05 / All) SerenityNow: your welcome
(26:06 / Allies) APPALACHlANW4r3: no base no unit
(26:16 / Allies) ishy: pink sell ring of protection and get invuln?
(26:58 / Allies) DoWop: why do homos always leave when their base is destroyed but don't give resources before
(27:13 / Allies) APPALACHlANW4r3: at least the othe retad noob on our team gave me his wood
(27:24 / All) APPALACHlANW4r3: standoff?
(27:27 / Allies) ishy: lol i'm still here
(27:41 / Allies) APPALACHlANW4r3: and have jacck shit lol
(27:41 / All) PEYTON.VS.CAM: gonna kill noob purpl bm first
(27:52 / All) PEYTON.VS.CAM: oh
(27:52 / All) DoWop: you ass
(27:55 / All) PEYTON.VS.CAM: thought u said killi t
(27:56 / All) DoWop: I was warding the map lol
(27:58 / All) APPALACHlANW4r3: think it's worth standoffing red?\
(28:07 / All) DoWop: oh well
(28:13 / All) PEYTON.VS.CAM: ishy vs red?
(28:20 / All) PEYTON.VS.CAM: red says he dont care
(28:23 / All) PEYTON.VS.CAM: for win
(28:31 / All) DoWop: whats reds stats
(28:52 / All) DoWop: Blue's stats aren't that bad
(29:06 / All) DoWop: red is 301-411
(29:07 / All) ishy: what's this we're going on about
(29:10 / All) DoWop: I say we let red win
(29:10 / All) PEYTON.VS.CAM: up 2 u if we make standoff blue is almost certainly gonna get win in an hour tops
(29:18 / All) APPALACHlANW4r3: 301-411
(29:28 / Allies) DoWop: Bad news blue
(29:31 / All) ishy: how exactly would this work?
(29:31 / Allies) APPALACHlANW4r3: Blue has to lose but don't tell red that
(29:34 / Allies) DoWop: we have conferred and it has been decided you must lose
(29:42 / Allies) ishy: ahahaha
(29:48 / All) PEYTON.VS.CAM: i put them on M lawl
(29:54 / All) ishy: hahaha
(30:04 / Allies) APPALACHlANW4r3: \3
(30:58 / All) ishy: all right then, it was great playing with you
(31:02 / All) PEYTON.VS.CAM: purp was talking shit about teal, whoever that was
(31:04 / All) ishy: an exciting game really
(31:06 / All) DoWop: *bows in respecT*
(31:14 / Allies) DoWop: Red lose!
(31:15 / All) DoWop: LOL
(33:03 / All) PEYTON.VS.CAM: nice micro with that pink bat